 Dungeon Crawl Stone Soup version 0.17.1-1-g73c8601 (webtiles) character file.

164 zhaorenw the Poker (level 5, -22/64 HPs)
             Began as a Merfolk Berserker on Jan 2, 2016.
             Was a Believer of Trog.
             Annihilated by an ogre
             ... wielding a +0 giant spiked club
              (32 damage)
             ... on level 4 of the Dungeon.
             The game lasted 00:04:15 (3153 turns).

zhaorenw the Poker (Merfolk Berserker)              Turns: 3153, Time: 00:04:15

Health: -22/64     AC:  2    Str: 24    XL:     5   Next: 45%
Magic:  5/5        EV: 13    Int:  6    God:    Trog [**....]
Gold:   100        SH:  0    Dex: 13    Spells: 0 memorised, 4 levels left

rFire  . . .     SeeInvis .     a - +0 spear
rCold  . . .     Clarity  .     b - +0 animal skin
rNeg   . . .     SustAt   .     (no shield)
rPois  .         Gourm    .     (no helmet)
rElec  .         Spirit   .     (no cloak)
rCorr  .         Warding  .     (no gloves)
rMut   .         Stasis   .     (no boots)
MR     +....                    (no amulet)
Stlth  ..........               q - ring of protection from magic {MR+, !d}
                                h - ring of flight {+Fly, !d}

@: berserking, very quick, somewhat resistant to hostile enchantments, extremely
unstealthy
A: change form in water, swift swim
a: Berserk, Trog's Hand, Burn Spellbooks, Renounce Religion, Evoke Flight


You were on level 4 of the Dungeon.
You worshipped Trog.
Trog was pleased with you.
You were not hungry.

You visited 1 branch of the dungeon, and saw 4 of its levels.

You collected 100 gold pieces.

Inventory:

Hand Weapons
 a - a +0 spear (weapon)
Missiles
 d - 8 curare-tipped needles
 l - 44 stones (quivered)
 o - 39 poisoned needles
Armour
 b - a +0 animal skin (worn)
 n - a +0 pair of gloves
   (You found it on level 3 of the Dungeon)
 s - a +0 chain mail of fire resistance
   (You found it on level 2 of the Dungeon)
Jewellery
 h - a ring of flight (left hand) {+Fly, !d}
   (You found it on level 1 of the Dungeon)
 q - a ring of protection from magic (right hand) {MR+, !d}
   (You found it on level 1 of the Dungeon)
Scrolls
 e - 2 scrolls of remove curse {unknown}
 f - a scroll of enchant armour {unknown}
 k - 2 scrolls of identify {unknown}
 m - a scroll of magic mapping {unknown}
 p - 2 scrolls of blinking {unknown}
 u - 2 scrolls of teleportation {unknown}
Potions
 g - 3 potions of curing {unknown}
 i - 2 potions of agility {unknown}
 r - a potion of resistance {unknown}
 t - a potion of ambrosia {unknown}
 v - a potion of lignification {unknown}
Comestibles
 c - 2 bread rations {@e1}
 j - a beef jerky


   Skills:
 + Level 4.9 Fighting
 + Level 7.2 Polearms
 - Level 1.3 Armour
 - Level 2.6 Dodging


You had 4 spell levels left.
You didn't know any spells.

Dungeon Overview and Level Annotations

Branches:
Dungeon (4/15)
 Temple: D:4-7

Altars:
Elyvilon
Kikubaaqudgha
Xom
Yredelemnul
Zin


Message History

You take 1 damage, and have 31/43 hp.
You hit the kobold.
You kill the kobold!
Trog accepts your kill.
No target in view!
You see here 14 arrows.
No target in view!
You see here a club.
u - 2 scrolls labeled VAESEU FITA (gained 1)
You see here a club.
You start resting.
Some of the chunks of flesh in your inventory have rotted away.
Health restored: 43
o - 26 poisoned needles (gained 16)
Found an escape hatch in the ceiling.
Found a stone staircase leading up.
No target in view!
A bat comes into view.
The bat hits you.
You take 1 damage, and have 42/43 hp.
You barely miss the bat. The bat closely misses you.
You barely miss the bat. The bat closely misses you.
A bat is nearby!
Attack whom?
Aim: a bat You reach to attack!
You hit the bat.
You kill the bat!
Trog accepts your kill.
No target in view!
No target in view!
You see here a bat corpse.
Health restored: 43 You butcher the bat corpse.
f - 5 chunks of flesh {@w0} (gained 1) Unknown command.
e - 2 scrolls labeled NOEPNI XAESAAMM (gained 1)
Found a stone staircase leading down.
Some of the chunks of flesh in your inventory have rotted away.
There is a stone staircase leading up here.
There is a stone staircase leading up here.
You found a teleport trap!
c - 2 bread rations {@e1} (gained 1) Done exploring.
Done exploring.
Done exploring.
No target in view!
No target in view!
Done exploring.
No target in view!
Done exploring.
Done exploring.
(D) Dungeon
Where to? (Enter - D:3, ? - help)
There is a stone staircase leading down here.
You climb downwards.
There is a stone staircase leading up here.
Unknown command.
You now have 100 gold pieces (gained 11).
All of the chunks of flesh in your inventory have rotted away.
f - a scroll labeled KUIC RAKEH No target in view!
No target in view!
Found a stone staircase leading down.
No target in view!
v - a coppery potion;
o - 39 poisoned needles (gained 13) No target in view!
No target in view!
Read which item? (? for menu, Esc to quit)
Okay, then.
An ogre comes into view. It is wielding a giant spiked club.
The ogre shouts!
Found a stone staircase leading down.
An ogre is nearby!
A worker ant comes into view.
There are monsters nearby!
Attack whom?
Aim: an ogre, wielding a giant spiked club You reach to attack!
You barely miss the ogre.
The worker ant moves out of view.
An ogre is nearby!
You hit the ogre. The ogre closely misses you.
You hit the ogre. You puncture the ogre!
The ogre hits you with a giant spiked club!!
Ouch! That really hurt!
The worker ant twitches its antennae in your direction.
You take 29 damage, and have 14/43 hp.
MASSIVE DAMAGE!!
A red film seems to cover your vision as you go berserk!
You feel yourself moving faster!
You feel mighty!
You feel somewhat more hungry.
The ogre hits you with a giant spiked club!
* * * LOW HITPOINT WARNING * * *
You now have 10/64 hp.
You puncture the ogre! You closely miss the ogre. You hit the ogre.
The ogre hits you with a giant spiked club!!
Ouch! That really hurt!
You die...

..... ..... # .... .# #..(
##.# #. #.. #.?. #.
#####.# ##..# #.
......#### ##..# #.
#(....###..########.#
#.###......aO@......######
#...#
##....#######.#......#
#.### #....# ##.###.#####
#. #...######..
#...##>....# >
#..........# #...######..
##
#...##########...........
#
#...######.......########
#...#..........###...#
........######## ##.##


You could see an ogre and a worker ant.

Vanquished Creatures
  A scorpion (D:3)
  A vampire bat (D:2)
  A worm (D:3)
  An orc (D:3)
  2 ball pythons
  4 bat skeletons (D:2)
  3 bat zombies (D:2)
  8 hobgoblins
  4 jackals (D:1)
  A quokka (D:2)
  14 bats
  6 giant cockroaches
  A giant gecko (D:1)
  5 goblins
  7 kobolds
  4 rats
63 creatures vanquished.

Notes
Turn   | Place    | Note
--------------------------------------------------------------
     0 | D:1      | zhaorenw the Merfolk Berserker began the quest for the Orb.
     0 | D:1      | Reached XP level 1. HP: 18/18 MP: 1/1
   236 | D:1      | Reached XP level 2. HP: 16/24 MP: 2/2
   381 | D:1      | Reached skill level 5 in Polearms
   684 | D:1      | Reached ** piety under Trog
   684 | D:1      | Reached XP level 3. HP: 30/30 MP: 3/3
  1154 | D:2      | Found a shimmering altar of Xom.
  1168 | D:2      | Found a shimmering altar of Xom.
  1433 | D:2      | Reached skill level 4 in Fighting
  1452 | D:2      | Found an ancient bone altar of Kikubaaqudgha.
  1463 | D:2      | Reached skill level 6 in Polearms
  1463 | D:2      | Reached XP level 4. HP: 29/38 MP: 4/4
  1674 | D:2      | Found a glowing silver altar of Zin.
  2072 | D:2      | Found a white marble altar of Elyvilon.
  2125 | D:2      | Found a basalt altar of Yredelemnul.
  2282 | D:3      | Reached skill level 7 in Polearms
  2282 | D:3      | Reached XP level 5. HP: 23/43 MP: 5/5
  2301 | D:2      | HP: 10/43 [poisoned by a scorpion]
  3132 | D:4      | Noticed an ogre
  3150 | D:4      | HP: 10/64 [ogre/giant spiked club (13)]
  3153 | D:4      | Annihilated by an ogre

Action                   |  1- 3 |  4- 6 || total
-------------------------+-------+-------++-------
Melee: Spear             |   143 |    93 ||   236
Invok: Berserk           |     2 |     2 ||     4
 Stab: Sleeping          |     1 |     3 ||     4
  Eat: Chunk             |     4 |     2 ||     6
       Bread ration      |       |     1 ||     1

Vault maps used:
D:1:      nagdon_arrival_zigzag_paths
D:2:      marbit_many_paths, kennysheep_vampire_church, kennysheep_ying_yang,
          xom_redecorated
D:3:      first_bread
D:4:      minitemple, nicolae_dithmenos_through_a_glass_darkly

Table legend:
 A = Turns spent in this place as a percentage of turns spent in the entire game.
 B = Non-inter-level travel turns spent in this place as a percentage of non-inter-level travel turns spent in the entire game.
 C = Inter-level travel turns spent in this place as a percentage of turns spent in this place.
 D = Turns resting spent in this place as a percentage of non-inter-level travel turns spent in this place.
 E = Turns spent auto-exploring this place as a percentage of non-inter-level travel turns spent in this place.
 F = Non-inter-level travel turns spent in this place divided by the number of levels of this place that you've seen.
                   A       B       C       D       E      F
               +-------+-------+-------+-------+-------+----------------------
         Total | 100.0 | 100.0 |   0.4 |   3.5 |   9.1 | 236.8
       Dungeon | 100.0 | 100.0 |   0.4 |   3.5 |   9.1 | 236.8
               +-------+-------+-------+-------+-------+----------------------

Table legend:
 A = Kills in this place as a percentage of kills in entire the game.
 B = Kills by you in this place as a percentage of kills by you in the entire game.
 C = Kills by friends in this place as a percentage of kills by friends in the entire game.
 D = Other kills in this place as a percentage of other kills in the entire game.
 E = Experience gained in this place as a percentage of experience gained in the entire game.
 F = Experience gained in this place divided by the number of levels of this place that you have seen.
                   A       B       C       D       E      F
               +-------+-------+-------+-------+-------+----------------------
         Total | 100.0 | 100.0 |  -nan |  -nan | 100.0 |  58.8
       Dungeon | 100.0 | 100.0 |  -nan |  -nan | 100.0 |  58.8
               +-------+-------+-------+-------+-------+----------------------
